 Dungeon Crawl Stone Soup version 0.30.1-11-g7821555f0a (webtiles) character file.

Game seed: 8347766687702203285

162698 Kallu the Slayer (level 17, -9/185 HPs)
             Began as a Hill Orc Fighter on Dec 23, 2023.
             Was the Champion of Wu Jian.
             Killed from afar by a tengu reaver (30 damage)
             ... with a bolt of lightning
             ... on level 3 of the Abyss.
             The game lasted 01:38:28 (24993 turns).

Kallu the Slayer (Hill Orc Fighter)                Turns: 24993, Time: 01:38:28

Health: -9/185     AC: 27    Str: 25    XL:     17   Next: 81%
Magic:  17/17      EV: 14    Int:  8    God:    Wu Jian [******]
Gold:   2433       SH:  0    Dex: 12    Spells: 16/16 levels left

rFire   + . .        a - +7 battleaxe (heavy)
rCold   . . .        (shield currently unavailable)
rNeg    . . .        T - +2 plate armour {rF+}
rPois   .            x - +0 helmet
rElec   .            I - +0 cloak
rCorr   .            v - +2 pair of gloves
SInv    +            y - +1 pair of boots
Will    +....        B - amulet of regeneration Stlth
                     J - ring of see invisible
HPRegen 1.30/turn    Q - +5 ring of evasion
MPRegen 0.15/turn

%: no passive effects
@: exhausted, grasped by roots, in a heavenly storm, glowing, constricted,
studying Staves
A: no striking features
a: Renounce Religion, Wall Jump, Serpent's Lash, Heavenly Storm


You were on level 3 of the Abyss.
You worshipped Wu Jian.
Wu Jian was exalted by your worship.
You visited 4 branches of the dungeon, and saw 23 of its levels.
You visited the Abyss 1 time.
You also visited: Ice Cave and Volcano.

You collected 3245 gold pieces.
You spent 812 gold pieces at shops.

Inventory:

Hand Weapons
 a - a +7 heavy battleaxe (weapon)
 b - the +10 morningstar "Eos" {elec, Halo rElec}
   (You found it on level 13 of the Dungeon)

   Halo:      It grants its wielder a halo, revealing invisible creatures and
   increasing accuracy against all within it other than the wielder.
   rElec:     It insulates you from electricity.
 A - a +4 battleaxe of electrocution
Missiles
 l - 6 javelins
 q - 20 boomerangs (quivered)
 F - a throwing net
 M - 5 curare-tipped darts
 R - 3 silver javelins
Armour
 v - a +2 pair of gloves (worn)
 x - a +0 helmet (worn)
 y - a +1 pair of boots (worn)
 I - a +0 cloak (worn)
 T - a +2 plate armour of fire resistance (worn)
Jewellery
 c - a ring of resist corrosion
 B - an amulet of regeneration (around neck)
 J - a ring of see invisible (left hand)
 O - a ring of willpower
 Q - a +5 ring of evasion (right hand)
 U - a ring of fire
 Y - a ring of positive energy
 Z - a ring of protection from cold
Wands
 o - a wand of mindburst (9)
 t - a wand of charming (13)
 u - a wand of flame (34)
 H - a wand of roots (10)
 K - a wand of quicksilver (3)
 V - a wand of polymorph (12)
Scrolls
 e - 2 scrolls of immolation
 h - 3 scrolls of blinking
 n - a scroll of torment
 s - 12 scrolls of teleportation
 w - 9 scrolls of poison
 z - 6 scrolls of fog
 E - 2 scrolls of fear
 G - 5 scrolls of magic mapping
 S - a scroll of silence
 W - 7 scrolls of identify
Potions
 d - 7 potions of might
 f - 14 potions of haste
 g - 9 potions of curing
 i - 2 potions of resistance
 j - 4 potions of brilliance
 k - a potion of cancellation
 r - 6 potions of magic
 C - 3 potions of berserk rage
 L - 3 potions of flight
 N - 3 potions of invisibility
 X - 4 potions of lignification


   Skills:
 + Level 25.4 Fighting
 - Level 20.1 Axes
 - Level 4.6 Throwing
 - Level 14.0 Armour
 - Level 4.0 Dodging
 - Level 7.0 Stealth
 - Level 3.2 Shields
 - Level 5.0 Evocations


You had 16 spell levels left.
You didn't know any spells.
Your spell library contained the following spells:

 Spells                   Type           Power      Damage    Failure   Level
 Beastly Appendage        Tmut           0%         N/A       98%         1
 Sandblast                Erth           0%         2d4       98%         1
 Blink                    Tloc           0%         N/A       99%         2
 Lesser Beckoning         Tloc           0%         N/A       99%         2
 Momentum Strike          Conj/Tloc      0%         3d8       99%         2
 Passwall                 Tmut/Erth      0%         N/A       99%         2
 Wereblood                Tmut           0%         N/A       99%         2
 Call Canine Familiar     Summ           0%         N/A       100%        3
 Ozocubu's Armour         Ice            0%         N/A       100%        3
 Portal Projectile        Hex/Tloc       0%         N/A       100%        3
 Spider Form              Tmut/Pois      0%         N/A       100%        3
 Stone Arrow              Conj/Erth      0%         3d7       100%        3
 Leda's Liquefaction      Hex/Erth       0%         N/A       100%        4
 Ozocubu's Refrigeration  Ice            0%         4d7       100%        7


Dungeon Overview and Level Annotations

Branches:
Dungeon (15/15)            Temple (0/1) D:6            Lair (5/5) D:9
  Swamp (0/4) Lair:3       Spider (0/4) Lair:2        Slime (0/5) Lair:4
    Orc (2/2) D:10            Elf (1/3) Orc:2        Vaults (0/5) D:13
 Depths (0/4) D:15          IceCv (visited)         Volcano (visited)

Altars:
Cheibriados
Makhleb
Nemelex Xobeh
Okawaru
Trog
Wu Jian
Beogh
Jiyva

Shops:
D:1 [   D:6 [   D:9 =   D:10 [   Orc:2 =![*

Portals:
Trove: D:14 (give +4 fire dragon scales)

Annotations:
D:5 1 runed translucent door, Ivernyr's ghost, novice FoFi
D:6 1 runed translucent door, Crazy Yiuf
D:13 3 runed translucent doors, Cuybodau's ghost, journeyman MiBe; Fefoucap's ghost, journeyman HOMo; Soitueva's ghost, journeyman DjIE
Orc:1 4 transporters
Orc:2 3 runed translucent doors, Winsalot's ghost, journeyman GnWn


Message History

The raiju is heavily wounded.
You hear a bark!
You hear a hideous shriek! x3
The raiju barely misses you.
You open the raiju like a pillowcase!!!
You kill the raiju!
The Council accepts your kill.
You slice the raiju!!
You kill the raiju!
The Council accepts your kill.
You hear a bark!
You hear a roar!
A tengu reaver comes into view. It is wielding a +0 battleaxe.
You spin and attack the shambling mangrove.
You slice the shambling mangrove!!
The shambling mangrove is moderately damaged.
You hear a shout!
You hear a hideous shriek!
You see here a raiju corpse.
Found a runelight.
You spin and attack the shambling mangrove.
You slice the shambling mangrove!!
The shambling mangrove is heavily damaged.
Roots burst forth from the earth!
The grasping roots grab you! The grasping roots constrict you.
You escape the roots grasp.
A deep elf blademaster and a flayed ghost come into view.
Found four runelights.
You hear a bark!
You hear a trumpeting!
You hear a shout!
Angry insects surge out from beneath the shambling mangrove's foliage!
Roots burst forth from the earth!
The grasping roots grab you! The grasping roots constrict you!
The tengu reaver points at you and mumbles some strange words.
The bolt of cold hits you!!!
* * * LOW HITPOINT WARNING * * *
You chop the tengu reaver into pieces!!!
The tengu reaver is heavily wounded.
A hornet comes into view.
The tengu reaver points at you and mumbles some strange words.
The bolt of lightning hits you!!
You die...

. # .≈♣ .⌠⌠⌠⌠ .
. ⌠≈♣ ≈.#'# .#
W.≈♣.#e.. #. .
#.~..e. .# #.
#.♣... . .# .##
## #☼§§# .. ###.
##.# #§Qy# .
..#. # .###@#○#
φ . #..#
###..##☼y§# #
#.. #§☼#f§§# .#
#. .# # §§§☼# .
# .
#.....☼§§###☼⌠..
# # #.##†# # §#
.##.. # #
...§§§# # #
#..##§ ## # ##
#.#.#.


You could see a shambling mangrove, a tengu reaver and 2 hornets.

Vanquished Creatures
  A bone dragon (Abyss:3)
  Rupert (Orc:2)
  Kirke (Lair:3)
  An Executioner (Abyss:3)
  A tentacled starspawn (Abyss:3)
  A frost giant (IceCv)
  2 orc warlords
  A cacodemon (Abyss:3)
  A vampire knight (D:15)
  An ettin (D:15)
  Josephine (Orc:1)
  A yaktaur captain (D:13)
  3 fire dragons
  8 vault guards (D:13)
  5 hydras
  4 centaur warriors
  7 boulder beetles
  A catoblepas (D:13)
  Erica (D:11)
  2 ogre magi (D:15)
  A death knight (D:15)
  17 two-headed ogres
  18 death yaks
  A tengu warrior (D:15)
  A deep troll earth mage (D:15)
  Nergalle (D:10)
  2 orc high priests (Orc:2)
  A soul eater (Abyss:3)
  2 thrashing horrors (Abyss:3)
  Urug (D:10)
  2 skysharks
  Sonja (Lair:1)
  2 wretched stars (Abyss:3)
  A shadow wraith (Abyss:3)
  A fire crab (shapeshifter) (D:13)
  2 sixfirhies (Abyss:3)
  4 large abominations (Abyss:3)
  12 skeletal warriors
  A deep troll (D:15)
  2 flayed ghosts
  2 swamp dragons
  3 wizards
  5 orc knights (Orc:2)
  2 starcursed masses (Abyss:3)
  7 lindwurms
  2 deep elf pyromancers
  4 orc sorcerers
  18 ugly things
  6 cyclopes
  6 manticores
  4 worldbinders (Abyss:3)
  5 black mambas
  A rust devil (Abyss:3)
  A centaur skeleton (Abyss:3)
  An ice statue (IceCv)
  12 elephants
  4 smoke demons
  8 torpor snails
  6 cane toads
  A gargoyle (D:11)
  7 rime drakes
  3 yaktaurs (D:15)
  4 unseen horrors
  An efreet (Abyss:3)
  3 freezing wraiths
  8 komodo dragons
  3 ancient zymes (Abyss:3)
  An iron giant simulacrum (Abyss:3)
  11 trolls
  A hellwing (Abyss:3)
  A meliai (D:13)
  A wolf spider simulacrum (D:13)
  8 polar bears
  4 tyrant leeches (Lair:5)
  Grinder (D:5)
  13 blink frogs
  7 saltlings (Orc:2)
  6 hornets (Lair:5)
  15 raiju (Abyss:3)
  7 slime creatures
  A spriggan (Lair:3)
  4 jumping spiders (Lair:2)
  2 small abominations (Abyss:3)
  2 culicivoras (Lair:2)
  A shadow (D:8)
  12 wyverns
  2 vampires
  5 wraiths
  69 yaks
  6 hogs (Lair:3)
  11 basilisks
  A chaos spawn (Abyss:3)
  A neqoxec (Abyss:3)
  A redback (Lair:2)
  8 steam dragons
  9 vampire mosquitoes
  6 wargs
  14 water moccasins
  2 hell hounds
  5 acid dragons
  Duvessa (D:6)
  4 swamp drakes (Lair:5)
  An ice beast (D:5)
  A sky beast (D:8)
  21 orc warriors
  4 black bears
  33 wolves
  A swamp drake (shapeshifter) (D:13)
  11 ogres
  11 centaurs
  2 phantoms
  5 kobold brigands
  Blork the orc (D:6)
  15 bullfrogs
  A gnoll sergeant (D:8)
  A wight (D:9)
  Dowan (D:6)
  9 killer bees
  4 electric eels
  7 howler monkeys
  A lava snake (Lair:4)
  5 hounds
  15 orc priests
  2 iron imps (Abyss:3)
  5 jellies
  A sleepcap (D:8)
  8 iguanas
  Natasha (thrice) (D:2)
  22 orc wizards
  14 hell rats
  Robin (D:2)
  12 gnolls
  5 adders
  A shadow imp (D:5)
  2 white imps
  2 ufetubi
  6 worms
  A dart slug (D:2)
  85 orcs
  5 ball pythons
  11 endoplasms
  4 giant cockroaches
  9 goblins
  10 hobgoblins
  3 quokkas
  4 bats
  4 frilled lizards
  18 kobolds
  7 rats
  A starspawn tentacle (Abyss:3)
883 creatures vanquished.

Vanquished Creatures (collateral kills)
  A wraith (Abyss:3)
1 creature vanquished.

Vanquished Creatures (others)
  A small abomination (Abyss:3)
  A jelly (Abyss:3)
  An orc wizard (Orc:1)
  A shadow imp (D:8)
  2 kobolds (D:8)
  A lurking horror (Abyss:3)
  5 starspawn tentacles (Abyss:3)
12 creatures vanquished.

Grand Total: 896 creatures vanquished

Notes
Turn   | Place    | Note
-------+----------+-------------------------------------------
     0 | D:1      | Kallu the Hill Orc Fighter began the quest for the Orb.
     0 | D:1      | Reached XP level 1. HP: 19/19 MP: 1/1
   228 | D:1      | Found Uleacim's Antique Armour Shoppe.
   288 | D:1      | Reached skill level 4 in Fighting
   288 | D:1      | Reached XP level 2. HP: 27/27 MP: 2/2
  1251 | D:2      | Reached XP level 3. HP: 33/34 MP: 3/3
  1390 | D:2      | Noticed Robin
  1839 | D:2      | Reached XP level 4. HP: 32/41 MP: 4/4
  1973 | D:2      | Noticed Natasha
  1986 | D:2      | Killed Natasha
  2041 | D:2      | Killed Robin
  2042 | D:2      | Reached skill level 5 in Fighting
  2237 | D:2      | Noticed Natasha
  2257 | D:2      | Killed Natasha
  2258 | D:2      | Reached skill level 1 in Throwing
  2258 | D:2      | Reached XP level 5. HP: 24/48 MP: 5/5
  2497 | D:2      | Noticed Natasha
  2637 | D:2      | Killed Natasha
  2781 | D:3      | Reached skill level 5 in Axes
  3119 | D:3      | You fall into a shaft and drop 2 floors!
  3119 | D:5      | Entered Level 5 of the Dungeon
  3250 | D:5      | Reached XP level 6. HP: 56/56 MP: 6/6
  3762 | D:4      | Found an ornate altar of the Wu Jian Council.
  3787 | D:4      | Became a worshipper of the Wu Jian Council
  4418 | D:5      | Noticed Grinder
  4418 | D:5      | Noticed an ice beast
  4568 | D:5      | Reached skill level 6 in Fighting
  4583 | D:5      | Killed an ice beast
  4584 | D:5      | Reached XP level 7. HP: 51/63 MP: 7/7
  4679 | D:5      | Found a runed translucent door.
  4684 | D:5      | Noticed Ivernyr's ghost (novice FoFi)
  4832 | D:5      | Killed Grinder
  4833 | D:5      | Reached skill level 7 in Fighting
  4926 | D:6      | Noticed Blork the orc
  4929 | D:6      | Killed Blork the orc
  4984 | D:6      | Found a sparkling altar of Nemelex Xobeh.
  5016 | D:6      | Reached XP level 8. HP: 73/73 MP: 8/8
  5168 | D:6      | Found a staircase to the Ecumenical Temple.
  5237 | D:6      | Noticed Duvessa
  5237 | D:6      | Noticed Dowan
  5253 | D:6      | Killed Dowan
  5257 | D:6      | Killed Duvessa
  5286 | D:6      | Found Saosk's Armour Boutique.
  5405 | D:6      | Reached * piety under Wu Jian
  5406 | D:6      | Reached skill level 8 in Fighting
  5514 | D:6      | Found a runed translucent door.
  5515 | D:6      | Noticed Crazy Yiuf
  6199 | D:7      | Noticed a wyvern
  6210 | D:7      | Killed a wyvern
  6242 | D:7      | Noticed a wyvern
  6250 | D:7      | Reached XP level 9. HP: 82/82 MP: 9/9
  6252 | D:7      | Reached skill level 9 in Fighting
  6348 | D:7      | Found a burning altar of Makhleb.
  6356 | D:7      | Reached skill level 10 in Axes
  6727 | D:8      | Reached skill level 10 in Fighting
  6824 | D:8      | Reached ** piety under Wu Jian
  7165 | D:8      | Reached skill level 5 in Armour
  7345 | D:8      | Found a bloodstained altar of Trog.
  7417 | D:8      | Reached skill level 1 in Evocations
  7417 | D:8      | Reached XP level 10. HP: 62/94 MP: 10/10
  7601 | D:8      | Identified the +7 hand axe of Wabugeol {heavy, rElec rF++
                  | rN+ Will-}
  7934 | D:9      | Found a viscous altar of Jiyva.
  7944 | D:8      | Reached skill level 11 in Fighting
  8421 | D:8      | Reached *** piety under Wu Jian
  8598 | D:9      | Reached skill level 12 in Fighting
  8620 | D:9      | Found Pootit's Jewellery Shop.
  8786 | D:9      | Noticed a manticore
  9017 | D:9      | Noticed a boulder beetle
  9046 | D:9      | Killed a boulder beetle
  9047 | D:9      | Reached XP level 11. HP: 61/105 MP: 11/11
  9116 | D:9      | Reached **** piety under Wu Jian
  9120 | D:9      | Reached skill level 13 in Fighting
  9189 | D:9      | Found a staircase to the Lair.
  9353 | D:9      | Killed a manticore
  9651 | D:10     | Entered Level 10 of the Dungeon
  9670 | D:10     | Found a snail-covered altar of Cheibriados.
  9746 | D:10     | Noticed a two-headed ogre
  9759 | D:10     | Killed a two-headed ogre
  9777 | D:10     | Reached skill level 14 in Fighting
  9893 | D:10     | Noticed Urug
  9910 | D:10     | Killed Urug
  9911 | D:10     | Reached skill level 15 in Axes
  9937 | D:10     | Noticed Nergalle
  9948 | D:10     | Killed Nergalle
  9949 | D:10     | Reached skill level 1 in Stealth
 10063 | D:10     | Reached XP level 12. HP: 117/117 MP: 12/12
 10065 | D:10     | Found a staircase to the Orcish Mines.
 10299 | D:10     | Found Qearcher's Armour Emporium.
 10302 | D:10     | Bought a +2 plate armour of fire resistance for 440 gold
                  | pieces
 10433 | Lair:1   | Entered Level 1 of the Lair of Beasts
 10459 | Lair:1   | Noticed Sonja
 10519 | Lair:1   | Killed Sonja
 10714 | Lair:1   | Reached ***** piety under Wu Jian
 10745 | Lair:1   | Reached skill level 15 in Fighting
 11749 | Lair:2   | Found a hole to the Spider Nest.
 12354 | Lair:3   | Reached skill level 16 in Fighting
 12450 | Lair:3   | Reached XP level 13. HP: 120/128 MP: 13/13
 12833 | Lair:3   | Noticed Kirke
 12853 | Lair:3   | Killed Kirke
 13064 | Lair:3   | Found a staircase to the Swamp.
 13473 | Lair:4   | Reached skill level 17 in Fighting
 13756 | Lair:4   | Reached skill level 10 in Armour
 13779 | Lair:4   | Reached ****** piety under Wu Jian
 13890 | Lair:3   | Reached XP level 14. HP: 91/141 MP: 14/14
 14295 | Lair:4   | Found a staircase to the Slime Pits.
 14295 | Lair:4   | Found a viscous altar of Jiyva.
 14401 | Lair:4   | Reached skill level 18 in Fighting
 14649 | Lair:5   | Entered Level 5 of the Lair of Beasts
 15406 | Lair:5   | Found a runed translucent door.
 15429 | Lair:5   | Paralysed by a hornet for 1 turns
 15475 | Lair:5   | Paralysed by a hornet for 3 turns
 16849 | D:11     | Noticed Erica
 17086 | D:11     | Reached skill level 1 in Dodging
 17086 | D:11     | Reached XP level 15. HP: 120/151 MP: 15/15
 17152 | D:11     | Killed Erica
 18000 | D:12     | Reached skill level 19 in Fighting
 18000 | D:12     | Reached skill level 5 in Evocations
 18461 | D:13     | Found a runed translucent gate.
 18461 | D:13     | Found a runed translucent gate.
 18461 | D:13     | Found a runed translucent gate.
 18462 | D:13     | Noticed Fefoucap's ghost (journeyman HOMo)
 18462 | D:13     | Noticed Cuybodau's ghost (journeyman MiBe)
 18462 | D:13     | Noticed Soitueva's ghost (journeyman DjIE)
 18525 | D:13     | Found a frozen archway.
 18541 | IceCv    | Entered an ice cave
 18917 | IceCv    | Noticed a frost giant
 18947 | IceCv    | Killed a frost giant
 19239 | D:13     | Reached skill level 20 in Fighting
 19282 | D:13     | Found a gate to the Vaults.
 19740 | D:13     | Reached skill level 21 in Fighting
 19769 | D:13     | Reached XP level 16. HP: 164/167 MP: 16/16
 20258 | D:13     | Found the +10 morningstar "Eos" {elec, Halo rElec}
 20618 | D:14     | Identified the +5 short sword "Hoaqu" {drain, rC+ Dex+5}
 21067 | D:14     | Reached skill level 22 in Fighting
 21438 | D:14     | Found a portal to a secret trove of treasure.
 21456 | D:15     | Entered Level 15 of the Dungeon
 21680 | D:15     | Paralysed by something for 5 turns
 21704 | D:15     | Reached skill level 5 in Stealth
 22115 | D:15     | Found a staircase to the Depths.
 22592 | Orc:1    | Entered Level 1 of the Orcish Mines
 22697 | Orc:1    | Noticed Josephine
 22701 | Orc:1    | Killed Josephine
 22708 | Orc:1    | Found an ornate altar of the Wu Jian Council.
 22708 | Orc:1    | Found a transporter.
 22753 | Orc:1    | Found a dark tunnel.
 22781 | Volcano  | Entered a volcano
 22860 | Volcano  | Reached skill level 23 in Fighting
 22865 | Volcano  | Reached XP level 17. HP: 179/179 MP: 17/17
 23288 | Orc:1    | Found a transporter.
 23312 | Orc:1    | Found a transporter.
 23332 | Orc:1    | Found a transporter.
 23333 | Orc:1    | Found an ornate altar of the Wu Jian Council.
 23436 | Orc:2    | Entered Level 2 of the Orcish Mines
 23437 | Orc:2    | Noticed Rupert
 23446 | Orc:2    | Killed Rupert
 23524 | Orc:2    | Found a staircase to the Elven Halls.
 23627 | Orc:2    | Found an iron altar of Okawaru.
 23636 | Orc:2    | Paralysed by an orc sorcerer for 3 turns
 23689 | Orc:2    | Found a runed translucent gate.
 23689 | Orc:2    | Found a runed translucent gate.
 23690 | Orc:2    | Found a runed translucent gate.
 23694 | Orc:2    | Noticed Winsalot's ghost (journeyman GnWn)
 24067 | Orc:2    | Reached skill level 24 in Fighting
 24146 | Orc:2    | Found Fyefoc Zaunk's Jewellery Shoppe.
 24445 | Orc:2    | Found Tiumuhy's Armour Shoppe.
 24446 | Orc:2    | Found a roughly hewn altar of Beogh.
 24448 | Orc:2    | Found Fievol's Distillery.
 24454 | Orc:2    | Bought a potion of haste for 120 gold pieces
 24473 | Orc:2    | Found Retz's Assorted Antiques.
 24479 | Orc:2    | Bought a potion of heal wounds for 140 gold pieces
 24479 | Orc:2    | Bought a scroll of fear for 112 gold pieces
 24619 | Elf:1    | Entered Level 1 of the Elven Halls
 24622 | Abyss:3  | Cast into level 3 of the Abyss (a deep elf demonologist)
 24643 | Abyss:3  | Found a corrupted altar of Lugonu.
 24677 | Abyss:3  | Found a corrupted altar of Lugonu.
 24703 | Abyss:3  | Noticed an Executioner
 24708 | Abyss:3  | Killed an Executioner
 24783 | Abyss:3  | Noticed a bone dragon
 24794 | Abyss:3  | Killed a bone dragon
 24852 | Abyss:3  | Noticed a tentacled starspawn
 24868 | Abyss:3  | Killed a tentacled starspawn
 24890 | Abyss:3  | Found an ornate altar of the Wu Jian Council.
 24892 | Abyss:3  | Noticed a pearl dragon
 24910 | Abyss:3  | Reached skill level 25 in Fighting
 24986 | Abyss:3  | Noticed a deep elf blademaster
 24992 | Abyss:3  | Noticed a deep elf blademaster
 24993 | Abyss:3  | Killed from afar by a tengu reaver

Illustrated notes

Levels and vault maps discovered:
D:1:      doesnt_arrival_eight_statues, layout_basic, serial_shops,
          nicolae_shop_real_fake_doors
D:2:      layout_loops_corners, kennysheep_cross_room, grunt_decor_junction,
          minmay_quantized, uniq_natasha, uniq_robin
D:3:      layout_loops_ring
D:4:      layout_gridville, mainiacjoe_overflow_24_doors
D:5:      layout_loops_ring, ebering_ghost_reflecting_pool, uniq_grinder
D:6:      layout_basic, kennysheep_mini_moat, minmay_temple_entry_nine_rooms,
          serial_shops, nicolae_shop_behind_doors, minmay_strange_pillars,
          uniq_blork_the_orc, uniq_crazy_yiuf_cottage, uniq_duvessa
D:7:      layout_basic, mainiacjoe_overflow_brackets
D:8:      layout_basic, lemuel_round_altar, grunt_potential
D:9:      nzn_winding_woodlands_small
          [nzn_winding_woodlands_5x15_river_crossing,
          nzn_winding_woodlands_center_garden,
          nzn_winding_woodlands_5x15_pathside_ponds], layout_cave_pools,
          erik_lair_orcish_takeover, kennysheep_crisscross,
          minmay_shop_grid_forest, jiyva_altar_1
D:10:     layout_roguey, slow_altar_1, hiddenorc2_lemuel, serial_shops,
          nicolae_shop_behind_doors, uniq_urug, uniq_nergalle
D:11:     layout_loops_ring, uniq_erica
D:12:     layout_rooms
D:13:     evilmike_diamond_2, layout_loops_ring, erik_vaults_2,
          gammafunk_ghost_cemetery, portal_ice_cave_entry_pillars_1
D:14:     layout_basic, enter_trove_3, minmay_misc_feat_four_crosses
D:15:     hangedman_depths_entry_civil_slaughter, layout_loops_cross,
          skrybe_limestone_x, wad_dig_loot
Lair:1:   layout_misc_corridors, infiniplex_staircase_pool, uniq_sonja
Lair:2:   layout_cellular_growth, nicolae_spider_entry_tight_spaces,
          infiniplex_staircase_pool_2, lemuel_fruit_tree
Lair:3:   layout_cave_shapes, swamp_mist, grunt_forest_stairs_clearing,
          uniq_kirke
Lair:4:   layout_gridlike, slime_entry_1, special_room
          [special_room_mythical_zoo], disabler_island
Lair:5:   guppyfry_lair_end_dragon, layout_regular_city, wormcave
Orc:1:    dreamdust_wu_jian_sword_trials, layout_diamond_mine,
          nicolae_volcano_entry_lava_flow, nicolae_shop_overcharged_wands,
          uniq_josephine
Orc:2:    hellmonk_orc_salted, layout_diamond_mine, gammafunk_ghost_necromancy,
          okawaru_metal_pillars_1_2, uniq_rupert
Elf:1:    layout_loops_ring, serial_shops, nicolae_shop_pleasant_corner_grove,
          evilmike_minifort
Abyss:3:  base: Depths:3, evilmike_abyss_exit_13,
          grunt_abyss_rune_forest_and_sorcery

Skill      XL: |  1  2  3  4  5  6  7  8  9 10 11 12 13 14 15 16 17 |
---------------+----------------------------------------------------+-----
Axes           | 3 4 5 6 7 9 11 13 15 17 18 20 | 20.1
Fighting       | 4 5 6 7 8 10 12 14 16 17 18 21 23 25 | 25.4
Throwing       | 1 2 3 4 |  4.6
Armour         | 4 5 6 8 10 12 13 14 | 14.0
Evocations     | 1 2 4 5 |  5.0
Stealth        | 1 4 6 7 |  7.0
Dodging        | 1 4 |  4.0
Shields        | |  3.2

Action                     |  1- 3 |  4- 6 |  7- 9 | 10-12 | 13-15 | 16-18 || total
---------------------------+-------+-------+-------+-------+-------+-------++-------
  Melee: War axe           |    95 |   167 |   275 |       |       |       ||   537
         Battleaxe         |       |       |    15 |    97 |   446 |   565 ||  1123
         Hand axe          |       |       |       |   409 |   373 |       ||   782
         Punch             |       |       |       |     6 |     7 |       ||    13
         Great mace        |       |       |       |     1 |    12 |     6 ||    19
         Unarmed           |       |       |       |       |     4 |       ||     4
         Morningstar       |       |       |       |       |       |     4 ||     4
  Throw: Dart              |       |     8 |    21 |    15 |     8 |       ||    52
         Boomerang         |       |       |    20 |    39 |    49 |     4 ||   112
         Javelin           |       |       |       |     1 |     1 |       ||     2
 Invoke: Serpent's Lash    |       |       |       |       |     2 |     1 ||     3
         Heavenly Storm    |       |       |       |       |       |     1 ||     1
Ability: Lunge             |       |     3 |    18 |    19 |    41 |    59 ||   140
         Whirlwind         |       |       |     4 |    23 |    15 |     6 ||    48
         Wall Jump         |       |       |       |    15 |    16 |    14 ||    45
  Evoke: Wand              |       |       |    15 |    41 |    13 |    10 ||    79
    Use: Potion            |       |       |     1 |     1 |     2 |     5 ||     9
         Scroll            |       |       |       |    28 |     7 |    10 ||    45
   Stab: Confused          |       |       |       |       |     2 |       ||     2
         Distracted        |       |       |       |       |       |     1 ||     1
 Armour: Scale mail        |    28 |       |       |       |       |       ||    28
         Chain mail        |    13 |    74 |    67 |       |       |       ||   154
         Plate armour      |       |       |    58 |   361 |   505 |   318 ||  1242
  Dodge: Dodged            |    34 |    65 |    76 |   185 |   563 |   299 ||  1222
  Block: Buckler           |    21 |    35 |    46 |       |       |       ||   102
